 Dungeon Crawl Stone Soup version 0.30-a0-4-ga7cffc901d (webtiles) character file.

Game seed: 16996244877311777127

335 Setbun the Sneak (level 6, 0/36 HPs)
             Began as a Kobold Enchanter on Aug 20, 2022.
             Slain by a water moccasin (3 damage)
             ... on level 5 of the Dungeon.
             The game lasted 00:04:26 (5559 turns).

Setbun the Sneak (Kobold Enchanter)                 Turns: 5559, Time: 00:04:27

Health: 0/36       AC:  4    Str:  5    XL:     6   Next: 84%
Magic:  9/9        EV: 16    Int: 16    God:
Gold:   149        SH:  0    Dex: 18    Spells: 9/9 levels left

rFire   . . .      SeeInvis .    g - +0 dagger (protect)
rCold   . . .      Faith    .    (no shield)
rNeg    + . .      Spirit   .    B - +2 robe {rN+}
rPois   .          Reflect  .    (no helmet)
rElec   .          Harm     .    (no cloak)
rCorr   .          Rampage  .    (no gloves)
Will    .....                    (no boots)
Stlth   +++++.....               (no amulet)
HPRegen 0.12/turn                (no ring)
MPRegen 0.11/turn                (no ring)

@: no status effects
A: small, no large weapons, nightstalker 3
a: no special abilities


You were on level 5 of the Dungeon.
You visited 1 branch of the dungeon, and saw 5 of its levels.

You collected 149 gold pieces.

Inventory:

Hand Weapons
 a - a +1 dagger
 g - a +0 dagger of protection (weapon)
Missiles
 C - 4 throwing nets (quivered)
Armour
 b - a +0 robe
 B - a +2 robe of positive energy (worn)
Jewellery
 j - an amulet of magic regeneration
 n - a ring of fire
 t - a ring of protection from cold
 u - the ring of Law {rPois rN+ rCorr Str-4 Int+2}
   (You found it on level 3 of the Dungeon)

   [ring of resist corrosion]

   Str:       It affects your strength (-4).
   Int:       It affects your intelligence (+2).
   rPois:     It protects you from poison.
   rN:        It protects you from negative energy.
   rCorr:     It protects you from acid and corrosion.
Scrolls
 d - a scroll of enchant weapon {unknown}
 e - a scroll of enchant armour {unknown}
 h - 2 scrolls of vulnerability {unknown}
 o - 3 scrolls of noise {unknown}
 p - a scroll of fear {unknown}
 q - a scroll of blinking {unknown}
 r - 2 scrolls of poison {unknown}
 w - 7 scrolls of identify {unknown}
 y - a scroll of silence {unknown}
 A - a scroll of amnesia {unknown}
 D - a scroll of acquirement {unknown}
Potions
 f - a potion of curing
 i - a potion of flight {unknown}
 k - a potion of magic {unknown}
 l - a potion of mutation {unknown}
 m - 2 potions of cancellation {unknown}
 s - 3 potions of degeneration {unknown}
 v - 2 potions of brilliance {unknown}
 x - a potion of lignification {unknown}
 z - a potion of heal wounds {unknown}


   Skills:
 + Level 2.8 Fighting
 + Level 3.9 Short Blades
 + Level 4.1 Dodging
 * Level 7.1 Stealth
 - Level 2.1 Spellcasting
 - Level 3.0 Hexes


You had 9 spell levels left.
You didn't know any spells.
Your spell library contained the following spells:

 Spells                   Type           Power      Damage    Failure   Level
 Ensorcelled Hibernation  Hex/Ice        12%        N/A       17%         2
 Confusing Touch          Hex            11%        N/A       19%         3
 Tukima's Dance           Hex            11%        N/A       19%         3
 Static Discharge         Conj/Air       1%         3-4/arc   30%         2
 Dazzling Flash           Conj/Hex       12%        N/A       32%         3
 Gell's Gravitas          Tloc           1%         N/A       52%         3
 Teleport Other           Tloc           1%         N/A       52%         3
 Dispel Undead            Necr           1%         3d6       90%         4
 Sticky Flame             Conj/Fire      1%         2d3       90%         4
 Dispersal                Tloc           0%         N/A       100%        6


Dungeon Overview and Level Annotations

Branches:
Dungeon (5/15)
 Temple: D:4-7

Altars:

Shops:
D:1 !


Innate Abilities, Weirdness & Mutations

You are small and have problems with some larger weapons.
You are completely attuned to the shadows.


Message History

The black bear attacks as you move away!
The black bear closely misses you. The black bear barely misses you.
The black bear claws you but does no damage.
The black bear attacks as you move away!
The black bear barely misses you. The black bear misses you.
The black bear claws you but does no damage.
The water moccasin barely misses you. The water moccasin bites you.
You are poisoned.
The water moccasin poisons you!
You feel very sick.
You feel very sick.
* * * LOW HITPOINT WARNING * * *
You feel very sick. The water moccasin misses you.
It was a potion of curing.
You feel better.
The water moccasin bites you but does no damage.
The black bear completely misses you. The black bear barely misses you.
The black bear claws you but does no damage.
The black bear attacks as you move away!
The black bear barely misses you. The black bear misses you.
The black bear claws you but does no damage.
The water moccasin barely misses you.
The water moccasin attacks as you move away!
The water moccasin bites you!
* * * LOW HITPOINT WARNING * * *
You are lethally poisoned!
The water moccasin poisons you!
* * * LOW HITPOINT WARNING * * *
You feel very sick.
You feel better. The water moccasin barely misses you.
The black bear attacks as you move away!
The black bear bites you.
* * * LOW HITPOINT WARNING * * *
The black bear claws you.
* * * LOW HITPOINT WARNING * * *
The black bear claws you.
* * * LOW HITPOINT WARNING * * *
The water moccasin bites you.
You die...

######.........
..............
.............
........#...
#.......###
..........
#####...##
#####..S.#...
......@h.....
###..###..##
#####...# ..#
.......## ..#
.......#
.......#
.......# .
........#..
...........


You could see a water moccasin and a black bear.

Vanquished Creatures
  A black bear (D:4)
  A jelly (D:4)
  A hound (D:5)
  Jessica (D:3)
  An orc wizard (D:5)
  3 gnolls (D:3)
  2 adders (D:3)
  An ufetubus (D:4)
  2 dart slugs (D:3)
  8 orcs
  7 endoplasms
  2 giant cockroaches (D:2)
  8 goblins
  7 hobgoblins
  6 jackals
  6 kobolds
  3 quokkas
  5 ball pythons
  2 bats (D:1)
  2 frilled lizards
  4 rats
73 creatures vanquished.

Notes
Turn   | Place    | Note
-------+----------+-------------------------------------------
     0 | D:1      | Setbun the Kobold Enchanter began the quest for the Orb.
     0 | D:1      | Reached XP level 1. HP: 10/10 MP: 3/3
   293 | D:1      | Reached XP level 2. HP: 16/16 MP: 5/5
   681 | D:1      | Reached XP level 3. HP: 20/20 MP: 6/6
   709 | D:1      | Reached skill level 1 in Fighting
   731 | D:1      | Found Pinipt's Distillery.
  1025 | D:1      | Found a faded altar of an unknown god.
  1673 | D:2      | Reached skill level 5 in Stealth
  1812 | D:2      | You fall into a shaft and drop 2 floors!
  1874 | D:3      | Identified the ring of Law {rPois rN+ rCorr Str-4 Int+2}
  1889 | D:3      | Reached XP level 4. HP: 25/25 MP: 7/7
  2788 | D:3      | Noticed Jessica
  2813 | D:3      | Killed Jessica
  2814 | D:3      | Reached XP level 5. HP: 5/30 MP: 8/8
  3807 | D:4      | Reached skill level 6 in Stealth
  3969 | D:4      | Noticed a black bear
  4017 | D:4      | HP: 1/30 [black bear (5)]
  4019 | D:4      | Killed a black bear
  4020 | D:4      | Reached XP level 6. HP: 2/36 MP: 9/9
  5258 | D:5      | Entered Level 5 of the Dungeon
  5314 | D:5      | Reached skill level 7 in Stealth
  5536 | D:5      | Noticed a black bear
  5544 | D:5      | Noticed a water moccasin
  5559 | D:5      | Slain by a water moccasin

Illustrated notes

Levels and vault maps discovered:
D:1:      tarquinn_simple_flora_water_b, layout_basic,
          ebering_ecumenical_altar_ruins, serial_shops, shop
D:2:      layout_loops_ring
D:3:      layout_loops_ring, uniq_jessica
D:4:      layout_basic, minivault_27
D:5:      layout_rooms, lemuel_doored_altar, uniq_edmund

Skill      XL: |  1  2  3  4  5  6 |
---------------+-------------------+-----
Short Blades   | 2 3 |  3.9
Fighting       | 1 2 |  2.8
Dodging        | 3 4 |  4.1
Stealth        | 5 6 7 |  7.1
Spellcasting   | |  2.1
Hexes          | |  3.0

Action                   |  1- 3 |  4- 6 || total
-------------------------+-------+-------++-------
Melee: Dagger            |    95 |   233 ||   328
       Punch             |       |     2 ||     2
  Use: Potion            |       |     4 ||     4
 Stab: Sleeping          |    20 |    16 ||    36
       Invisible         |       |     3 ||     3
Armor: Robe              |    12 |    89 ||   101
Dodge: Dodged            |    46 |   200 ||   246

Table legend: (Time is in decaauts)
 A = Elapsed time spent in this place.
 B = Non-inter-level travel time spent in this place.
 C = Inter-level travel time spent in this place.
 D = Time resting spent in this place.
 E = Time spent auto-exploring this place.
 F = Levels seen in this place.
 G = Mean time per level.
                   A        B        C        D        E       F      G
               +--------+--------+--------+--------+--------+-----+--------+
         Total |   5513 |   5418 |     95 |    868 |   3820 |   5 | 1102.6 |
       Dungeon |   5513 |   5418 |     95 |    868 |   3820 |   5 | 1102.6 |
               +--------+--------+--------+--------+--------+-----+--------+

Top non-repeatable levels by time:
     D:4: 1605 daAuts
     D:1: 1473 daAuts
     D:3: 1159 daAuts
     D:2: 985 daAuts
     D:5: 291 daAuts
